 Dungeon Crawl Stone Soup version 0.20-a0-785-g17250f0 (webtiles) character file.

455 Laphicet the Skirmisher (level 6, -1/53 HPs)
             Began as a Draconian Fighter on Feb 27, 2017.
             Slain by an orc
             ... wielding a +1 dagger of electrocution
              (17 damage)
             ... on level 4 of the Dungeon.
             The game lasted 00:05:53 (3714 turns).

Laphicet the Skirmisher (Draconian Fighter)         Turns: 3714, Time: 00:05:54

Health: -1/53      AC:  9    Str: 19    XL:     6   Next: 76%
Magic:  6/6        EV: 11    Int: 10    God:
Gold:   142        SH:  9    Dex: 10    Spells: 5/5 levels left

rFire    . . .     SeeInvis .   a - +0 long sword
rCold    . . .     Gourm    .   (armour unavailable)
rNeg     . . .     Faith    .   b - +0 shield
rPois    .         Spirit   .   (helmet restricted)
rElec    .         Reflect  .   p - +2 cloak
rCorr    .         Harm     .   (no gloves)
MR       .....                  (no boots)
Stlth    ++........             (no amulet)
Regen    0.2/turn               (no ring)
MPRegen  0.1/turn               (no ring)

@: no status effects
A: unfitting armour, cold-blooded, AC +6
a: no special abilities


You were on level 4 of the Dungeon.
You were not hungry.

You visited 1 branch of the dungeon, and saw 4 of its levels.

You collected 142 gold pieces.

Inventory:

Hand Weapons
 a - a +0 long sword (weapon)
 t - a +0 dagger of venom
Armour
 b - a +0 shield (worn)
 p - a +2 cloak (worn)
Jewellery
 y - an uncursed ring of protection from magic {unknown}
Wands
 v - a wand of confusion (15/48)
Scrolls
 f - 2 scrolls of teleportation {unknown}
 g - 2 scrolls of amnesia {unknown}
 j - 8 scrolls of identify {unknown}
 k - a scroll of fear {unknown}
 l - a scroll of enchant armour {unknown}
 o - 5 scrolls of remove curse {unknown}
 w - a scroll of immolation {unknown}
 x - a scroll of enchant weapon {unknown}
Potions
 h - a potion of cancellation
 r - a potion of flight {unknown}
 u - a potion of brilliance {unknown}
Comestibles
 c - 2 chunks of flesh
 d - 5 bread rations
 m - 2 royal jellies
 n - a meat ration


   Skills:
 + Level 4.6 Fighting
 + Level 3.4 Long Blades
 + Level 4.0 Dodging
 + Level 3.1 Stealth
 + Level 4.3 Shields


You had 5 spell levels left.
You didn't know any spells.

Dungeon Overview and Level Annotations

Branches:
Dungeon (4/15)
 Temple: D:4-7

Altars:


Innate Abilities, Weirdness & Mutations

Your plain brown scales are hard. (AC +6)
You cannot fit into any form of body armour.
You are cold-blooded and may be slowed by cold attacks.


Message History

You closely miss the orc wizard.
Your tail-slap misses the orc wizard.
The orc wizard is severely wounded.
The orc wizard hits you with a dagger. The orc completely misses you.
The orc wizard hits you but does no damage.
You hit the orc wizard.
You kill the orc wizard!
Your Dodging skill increases to level 4!
The orc barely misses you. The orc hits you but does no damage.
You are electrocuted!
* * * LOW HITPOINT WARNING * * *
You block the orc's attack.
Things that are here:
a dagger; a glowing robe; 2 scrolls labeled SUN CYFUCURHIKK
Found 12 gold pieces.
Unknown command.
You hit the orc but do no damage. The orc hits you but does no damage.
You hit the orc but do no damage.
You tail-slap the orc, but do no damage.
The orc hits you but does no damage.
You are electrocuted!
You die...

### #..#..$.......
#.# .............
..# #............
..# #............
..# #............
..# #...........#
..# #...........
..# #...@.....<.
.## #...o......#
.# #...(....### ##
#..((....#
#......###
#.....## ##
#....##
.############..###
..............##


You could see an orc.

Vanquished Creatures
  Sigmund (D:4)
  The ghost of Laphicet the Skirmisher, an amateur DrFi (D:3)
  An orc wizard (D:4)
  An orc priest (D:4)
  Natasha (D:2)
  3 adders (D:2)
  2 oozes
  4 worms
  A leopard gecko (D:2)
  2 orcs (D:4)
  2 ball pythons (D:3)
  4 giant cockroaches
  7 goblins
  8 hobgoblins
  9 jackals
  8 kobolds
  3 quokkas
  7 bats
  6 frilled lizards
  6 rats
77 creatures vanquished.

Notes
Turn   | Place    | Note
-------+----------+-------------------------------------------
     0 | D:1      | Laphicet the Draconian Fighter began the quest for the Orb.
     0 | D:1      | Reached XP level 1. HP: 19/19 MP: 1/1
   114 | D:1      | Reached XP level 2. HP: 25/26 MP: 2/2
  1321 | D:2      | Reached skill level 1 in Stealth
  1518 | D:2      | Reached XP level 3. HP: 27/31 MP: 3/3
  1849 | D:2      | Noticed Natasha
  1865 | D:2      | Killed Natasha
  1865 | D:2      | Reached XP level 4. HP: 17/40 MP: 4/4
  2651 | D:3      | Noticed Laphicet's ghost (amateur DrFi)
  2673 | D:3      | Killed Laphicet's ghost
  2673 | D:3      | Reached XP level 5. HP: 46/46 MP: 5/5
  3501 | D:4      | Noticed Sigmund
  3517 | D:4      | Killed Sigmund
  3517 | D:4      | Reached XP level 6. HP: 37/53 MP: 6/6
  3714 | D:4      | Slain by an orc

Vault maps used:
D:1:      zaba_arrival_water
D:2:      uniq_natasha
D:3:      first_bread
D:4:      temple_green, uniq_sigmund, uniq_blork_the_orc

Skill      XL: |  1  2  3  4  5  6 |
---------------+-------------------+-----
Stealth        | 1 2 3 |  3.1
Dodging        | 3 4 |  4.0
Fighting       | 4 |  4.6
Long Blades    | 3 |  3.4
Shields        | 4 |  4.3

Action                   |  1- 3 |  4- 6 || total
-------------------------+-------+-------++-------
Melee: Long sword        |    84 |   142 ||   226
       Tailslap          |     9 |    20 ||    29
Evoke: Wand              |       |     1 ||     1
  Use: Potion            |     1 |    10 ||    11
 Stab: Sleeping          |     1 |     8 ||     9
  Eat: Chunk             |     3 |     6 ||     9
Armor: Skin              |    27 |    59 ||    86
Dodge: Dodged            |    35 |    70 ||   105
Block: Shield            |    32 |    67 ||    99
       Rpst.: Long sword |     9 |    25 ||    34
